 Dungeon Crawl Stone Soup version 0.29.1-debian-1-gc3f1650bb9 (webtiles) character file.

Game seed: 373971615824416673

487 MisterAzrael the Trooper (level 7, -4/52 HPs)
             Began as a Djinni Fire Elementalist on Sept 12, 2022.
             Was a Believer of Makhleb.
             Slain by an ogre
             ... wielding a +0 giant spiked club
              (19 damage)
             ... on level 5 of the Dungeon.
             The game lasted 00:06:15 (4720 turns).

MisterAzrael the Trooper (Djinni Fire Elementalist) Turns: 4720, Time: 00:06:15

Health: -4/52      AC: 16    Str:  8 (9)  XL:     7   Next: 36%
Gold:   297        EV:  3    Int: 14 (16) God:    Makhleb [**....] SH:  0 Dex: 12 (14)

rFire   + + +      SeeInvis .   j - +1 mace (holy)
rCold   x . .      Faith    +   (no shield)
rNeg    . . .      Spirit   .   p - +8 chain mail of Eternity {-Tele rElec Regen+}
rPois   ∞          Reflect  .   (no helmet)
rElec   +          Harm     .   H - scarf {repulsion}
rCorr   .          Rampage  .   (no gloves)
Will    .....      NoTele   +   (boots unavailable)
Stlth   ..........              B - amulet of faith
HPRegen 0.97/turn               d - ring of protection from fire
MPRegen 0.00/turn               I - ring of wizardry

@: flying, repel missiles
A: sickness immunity, fire resistance 2, cold vulnerability 1, float, innate
caster, HP casting, extra vitality 1
a: Renounce Religion, Minor Destruction


You were on level 5 of the Dungeon.
You worshipped Makhleb.
Makhleb was pleased with you.
You visited 1 branch of the dungeon, and saw 5 of its levels.

You collected 297 gold pieces.

Inventory:

Hand Weapons
 j - a +1 mace of holy wrath (weapon)
Missiles
 g - 8 javelins
Armour
 a - a +0 robe
 h - a +0 cloak
 p - the +8 chain mail of Eternity (worn) {-Tele rElec Regen+}
   (You found it on level 2 of the Dungeon)

   rElec:     It insulates you from electricity.
   -Tele:     It prevents most forms of teleportation.
   Regen:     It increases your rate of health regeneration.
 H - a scarf of repulsion (worn)
Jewellery
 d - a ring of protection from fire (left hand)
 m - a ring of positive energy
 o - a ring of positive energy
 x - a ring of ice
 y - a +6 ring of strength
 B - an amulet of faith (around neck)
 C - a +6 ring of strength
 D - an amulet of regeneration
 I - a ring of wizardry (right hand)
 K - a +6 ring of dexterity
Wands
 t - a wand of mindburst (14)
Scrolls
 b - 2 scrolls of immolation
 c - a scroll of enchant weapon {unknown}
 i - 7 scrolls of identify
 n - 5 scrolls of teleportation
 q - a scroll of butterflies {unknown}
 r - a scroll of summoning {unknown}
 u - 2 scrolls of torment {unknown}
 w - a scroll of acquirement {unknown}
 z - a scroll of magic mapping {unknown}
 E - a scroll of vulnerability {unknown}
 F - a scroll of blinking {unknown}
 L - 3 scrolls of noise {unknown}
Potions
 f - a potion of brilliance {unknown}
 k - a potion of degeneration
 l - 2 potions of heal wounds {unknown}
 s - a potion of haste {unknown}
 v - 2 potions of attraction {unknown}
 A - a potion of magic {unknown}
 G - a potion of flight {unknown}
 J - a potion of cancellation {unknown}


   Skills:
 + Level 4.1 Fighting
 - Level 2.1 Dodging
 - Level 1.5 Stealth
 + Level 4.0 Spellcasting
 * Level 3.6 Invocations


You couldn't memorise any spells.
You knew the following spells:

 Your Spells              Type           Power      Damage    Failure   Level
a - Foxfire               Conj/Fire      56%        2x1d6     94%         1
b - Scorch                Fire           28%        2d6       98%         2
c - Kindle Blastsparks    Fire/Tloc/Air  28%        2d12      100%        3
d - Inner Flame           Hex/Fire       14%        N/A       100%        3
e - Flame Wave            Conj/Fire      14%        2d6       100%        4
f - Beastly Appendage     Tmut           28%        N/A       94%         1
g - Searing Ray           Conj           28%        2d5       98%         2
h - Passwall              Tmut/Erth      11%        N/A       98%         2
Your spell library was empty.

Dungeon Overview and Level Annotations

Branches:
Dungeon (5/15)
 Temple: D:4-7

Altars:
Makhleb

Annotations:
D:3 2 transporters


Innate Abilities, Weirdness & Mutations

You are immune to sickness and miasma.
You are immune to poison.
Your flesh is very heat resistant. (rF++)
You are vulnerable to cold. (rC-)
You float through the air rather than walking.
You learn spells naturally, not from books.
Your magical power is your life essence.
You have superior vitality. (+4 MHP)


Message History

The ogre hits you with a +0 giant spiked club!!
Ouch! That really hurt!
You are too injured to fight recklessly!
Okay, then.
The ogre attacks as you move away!
The ogre hits you with a +0 giant spiked club!
* * * LOW HITPOINT WARNING * * *
You are too injured to fight recklessly!
As you read the scroll labelled ZYOXIA QATT, it crumbles to dust.
It is a scroll of identify.
b - 2 scrolls of immolation
As you read the scroll labelled DONAKY ZOZU, it crumbles to dust.
You feel a strange sense of stasis.
It was a scroll of teleportation.
The ogre hits you with a +0 giant spiked club!!
* * * LOW HITPOINT WARNING * * *
Okay, then.
It was a potion of curing.
You feel better.
The ogre hits you with a +0 giant spiked club!
* * * LOW HITPOINT WARNING * * *
The ogre attacks as you move away! The ogre barely misses you.
Okay, then.
Okay, then.
You feel better. The ogre barely misses you. The ogre attacks as you move away!
The ogre hits you with a +0 giant spiked club!!
* * * LOW HITPOINT WARNING * * *
The ogre attacks as you move away! The ogre completely misses you.
Okay, then.
You see here a +0 spear.
The ogre attacks as you move away! The ogre barely misses you.
It was a potion of degeneration.
There was something very wrong with that liquid.
You feel weakened.
You feel dopey.
You feel clumsy.
The ogre hits you with a +0 giant spiked club.
The ogre attacks as you move away!
The ogre hits you with a +0 giant spiked club!!
* * * LOW HITPOINT WARNING * * *
The ogre attacks as you move away!
The ogre hits you with a +0 giant spiked club!!
You die...

.#.(....######.......#
#######
.#...................#
#......
##......#######......#
#...... ........#####
#......# #......
##..........# #......#
#######
........###.###......#
........#............#
.######.#.#.###.######
.# #.#.#.....@O..# .#
#.#...###.###.# .#
#.###.# #.# #.#
.######.# #.# #.# #.#
........# #.# #.# #.#
######### #.###.# #.#
....# #.....# #.#
###.############# #)#
#.†)......# #.#


You could see an ogre.

Vanquished Creatures
  A steam dragon (D:4)
  A centaur (D:5)
  A hound (D:5)
  A jelly (D:4)
  3 iguanas
  7 adders
  2 white imps (D:5)
  5 worms
  2 dart slugs
  2 orcs
  3 bats
  4 endoplasms
  4 giant cockroaches
  7 goblins
  6 hobgoblins
  4 quokkas
  5 ball pythons
  4 frilled lizards
  2 kobolds
  5 rats
69 creatures vanquished.

Vanquished Creatures (others)
  185 foxfires
185 creatures vanquished.

Grand Total: 254 creatures vanquished

Notes
Turn   | Place    | Note
-------+----------+-------------------------------------------
     0 | D:1      | MisterAzrael the Djinni Fire Elementalist began the quest
                  | for the Orb.
     0 | D:1      | MisterAzrael set off with the following spells memorised:
                  | Foxfire, Scorch, Kindle Blastsparks, Inner Flame, Flame
                  | Wave.
     0 | D:1      | Reached XP level 1. HP: 15/15 MP: 0/0
   460 | D:1      | Found a faded altar of an unknown god.
   546 | D:1      | Reached skill level 1 in Fighting
   546 | D:1      | Reached XP level 2. HP: 19/22 MP: 0/0
   597 | D:1      | Prayed at the altar of an unknown god.
   597 | D:1      | Became a worshipper of Makhleb the Destroyer
   597 | D:1      | Reached * piety under Makhleb
  1152 | D:2      | Reached XP level 3. HP: 18/27 MP: 0/0
  1152 | D:2      | Learned a level 1 spell: Beastly Appendage
  1851 | D:2      | Identified the +8 chain mail of Eternity {-Tele rElec
                  | Regen+}
  1905 | D:2      | Reached XP level 4. HP: 30/33 MP: 0/0
  2133 | D:3      | Found a transporter.
  2200 | D:3      | Reached ** piety under Makhleb
  2509 | D:3      | Found a transporter.
  2939 | D:4      | Reached XP level 5. HP: 35/40 MP: 0/0
  2939 | D:4      | Learned a level 2 spell: Searing Ray
  3122 | D:4      | Reached skill level 1 in Invocations
  3587 | D:4      | Noticed a steam dragon
  3596 | D:4      | Killed a steam dragon
  3597 | D:4      | Reached XP level 6. HP: 41/46 MP: 0/0
  3987 | D:5      | Entered Level 5 of the Dungeon
  4350 | D:5      | Reached XP level 7. HP: 51/51 MP: 0/0
  4350 | D:5      | Learned a level 2 spell: Passwall
  4672 | D:5      | HP: 1/52 [ogre/+0 giant spiked club (16)]
  4687 | D:5      | HP: 2/52 [ogre/+0 giant spiked club (20)]
  4720 | D:5      | Slain by an ogre

Illustrated notes

Levels and vault maps discovered:
D:1:      minmay_arrival_jagged, layout_loops_ring, basic_ecumenical_altar
D:2:      kennysheep_big_flooded_room, layout_rooms, moated_statue
D:3:      gammafunk_steamed_eel, layout_basic, st_stairs_13, nicolae_titane
D:4:      minmay_chambers_of_twos, layout_basic, kennysheep_small_spiral
D:5:      layout_basic

Skill      XL: |  1  2  3  4  5  6  7 |
---------------+----------------------+-----
Fighting       | 1 2 3 4 |  4.1
Spellcasting   | 3 4 |  4.0
Invocations    | 2 3 |  3.6
Dodging        | |  2.1
Stealth        | |  1.5

Action                   |  1- 3 |  4- 6 |  7- 9 || total
-------------------------+-------+-------+-------++-------
Melee: Mace              |       |     1 |       ||     1
 Cast: Foxfire           |    72 |    43 |       ||   115
       Scorch            |     2 |       |       ||     2
Invok: Minor Destruction |       |    52 |    19 ||    71
Evoke: Wand              |       |     3 |       ||     3
  Use: Potion            |       |       |     3 ||     3
       Scroll            |       |       |     2 ||     2
Armor: Robe              |     4 |     3 |       ||     7
       Chain mail        |       |     4 |     2 ||     6
Dodge: Dodged            |    15 |    12 |     8 ||    35
